Description

Super standard Blink Stalker opening by Stats vs Zest at the HSC XVI after which he transitioned into Archons.

VOD

https://sc2casts.com/cast22622-Stats-vs-Zest-BO5-in-1-video-2017-HomeStory-Cup-XVI-Semi-Finals

Replay - Stats v Zest: Game 1 - Catalyst LE

Build Order

Get SALT Encoding   

  12  0:02  Probe (Chrono Boost)  
  14  0:14  Probe (Chrono Boost)  
  14  0:17  Pylon  
  14  0:25  Probe (Chrono Boost)  
  15  0:32  Probe (Chrono Boost)  
  15  0:40  Probe (Chrono Boost)  
  15  0:41  Gateway  
  17  0:49  Assimilator  
  17  0:53  Probe (Chrono Boost)  
  17  0:56  Assimilator  
  18  1:01  Probe (Chrono Boost)  
  19  1:07  Probe (Chrono Boost)  
  19  1:15  Gateway  
  21  1:19  Probe (Chrono Boost)  
  21  1:28  Cybernetics Core  
  21  1:31  Probe (Chrono Boost)  
  22  1:35  Pylon  
  24  2:05  Stalker x2, Warp Gate  
  28  2:13  Pylon  
  29  2:22  Twilight Council  
  28  2:31  Blink  
  28  2:35  Stalker x2  
  32  3:01  Nexus  
  32  3:18  Stalker  
  34  3:27  Stalker  
  37  3:41  Shield Battery  
  37  3:43  Pylon  
  39  4:08  Stalker x2  
  47  4:32  Stalker x2  
  51  5:14  Forge  
  51  5:28  Protoss Ground Weapons Level 1  
  53  5:30  Assimilator x2, Sentry x2  
  53  5:33  Robotics Facility  
  53  5:35  Pylon  
  61  5:53  Sentry  
  65  6:10  Gateway x4  
  63  6:20  Observer  
  63  6:22  Charge  
  64  6:28  Zealot x2  
  68  6:40  Phoenix  
  68  6:48  Immortal, Protoss Ground Weapons Level 2  
  68  6:50  Templar Archives  
  72  7:09  Nexus  
  72  7:17  Immortal  
  72  7:23  Phoenix  
  72  7:29  High Templar x2  
  80  7:30  Zealot x3  
  80  7:33  Archon  
  86  7:55  Zealot x2, High Templar x2  
  86  7:56  Warp Prism  
  96  8:00  Archon  
  96  8:02  Zealot x2  
  100  8:11  Shield Battery  
  104  8:24  Zealot, High Templar x2  
  112  8:28  Archon  
  119  8:42  Protoss Ground Weapons Level 3  
  128  8:56  High Templar x2  
  128  9:00  Archon  
  132  9:03  Assimilator  
  132  9:09  Assimilator  
  78  9:31  Immortal  
  93  9:49  Gateway x2  
Spawning Tool Build Advisor. Get it on Overwolf

Go to:

Details

  • Created by: Mithriel
  • Published on: Nov 18, 2017
  • Modified on: Nov 18, 2017
  • Patch: 4.0.0
Show
View Real Time Build Order
Export as new Build Order

Comments (0)

There are no comments. Be the first!

Create an account to comment!